 Dungeon Crawl Stone Soup version 0.19.5 (webtiles) character file.

60 McKennaii the Skirmisher (level 3, 0/30 HPs)
             Began as a Demonspawn Abyssal Knight on Apr 24, 2017.
             Was a Follower of Lugonu.
             Slain by a kobold
             ... wielding a +0 dagger
              (1 damage)
             ... on level 2 of the Dungeon.
             The game lasted 00:03:59 (1011 turns).

McKennaii the Skirmisher (DsAK)                     Turns: 1011, Time: 00:04:00

Health: 0/30       AC:  4    Str: 12    XL:     3   Next: 82%
Magic:  5/5        EV: 11    Int: 13    God:    Lugonu [*.....]
Gold:   142        SH:  0    Dex: 13    Spells: 0 memorised, 2 levels left

rFire  . . .     SeeInvis .     a - +1 falchion
rCold  . . .     Gourm    .     b - +0 leather armour
rNeg   . . .     Faith    .     (no shield)
rPois  .         Spirit   .     (helmet restricted)
rElec  .         Reflect  .     (no cloak)
rCorr  .         Harm     .     (no gloves)
MR     .....                    k - +0 pair of boots
Stlth  +.........               (no amulet)
                                (no ring)
                                (no ring)

@: no status effects
A: horns 1
a: Depart the Abyss, Renounce Religion


You were on level 2 of the Dungeon.
You worshipped Lugonu.
Lugonu was aware of your devotion.
You were hungry.

You visited 1 branch of the dungeon, and saw 2 of its levels.
You visited the Abyss 1 time.

You collected 142 gold pieces.

Inventory:

Hand Weapons
 a - a +1 falchion (weapon)
Armour
 b - a +0 leather armour (worn)
 k - a +0 pair of boots (worn)
Scrolls
 d - 6 scrolls of identify {unknown}
 e - a scroll of immolation {unknown}
 g - a scroll of enchant armour {unknown}
 h - 2 scrolls of amnesia {unknown}
 i - 2 scrolls of remove curse {unknown}
 j - a scroll of random uselessness {unknown}
 l - 2 scrolls of fear {unknown}
 m - a scroll of teleportation {unknown}
Potions
 f - a potion of might {unknown}
Comestibles
 c - 2 bread rations


   Skills:
 + Level 3.9 Fighting
 + Level 2.1 Long Blades
 + Level 2.2 Armour
 + Level 1.1 Dodging
 + Level 2.8 Invocations


You had 2 spell levels left.
You didn't know any spells.

Dungeon Overview and Level Annotations

Branches:
Dungeon (2/15)

Altars:
Hepliaklqana
Makhleb


Innate Abilities, Weirdness & Mutations

You have a pair of small horns on your head.


Message History

The kobold hits you but does no damage. x2
You closely miss the kobold.
The kobold is severely wounded.
The kobold hits you but does no damage.
You closely miss the kobold. Your headbutt misses the kobold.
The kobold is severely wounded.
The kobold hits you but does no damage.
You hit the kobold but do no damage.
The kobold is heavily wounded.
The kobold hits you with a dagger.
* * * LOW HITPOINT WARNING * * *
You closely miss the kobold.
The kobold is heavily wounded.
The kobold hits you with a dagger.
* * * LOW HITPOINT WARNING * * *
You are feeling hungry.
You miss the kobold.
The kobold is heavily wounded.
The kobold hits you with a dagger.
You die...

#.......#8g.8#.....#.#.......
#.........g>....#.#.......... ###
##.....†..K.....#.#..#....... #..
........#8.g8##........#..... #.#
##########..###.......)...... #.#
#w## #.............. #.#
######g###............... #.#
##...##gK...###...........
..######....####@.####...........
#.##.....#..####†###........###..
.....#...#..##...(...#......# ###
.#...#.###..##...######.....#
.#.###......##..## ####..#
##.....#....#...# ...#
...#...#.......## #.###
...#.###....#### ## .###........#


You could see a worm, a hobgoblin, a goblin and a kobold.

Vanquished Creatures
  Robin (D:2)
  An adder (D:2)
  2 dart slugs (D:1)
  A leopard gecko (D:1)
  A giant cockroach (D:1)
  5 hobgoblins
  A kobold (D:1)
  A ball python (D:2)
  2 bats
  11 goblins
  10 rats
36 creatures vanquished.

Notes
Turn   | Place    | Note
-------+----------+-------------------------------------------
     0 | Abyss:1  | McKennaii the Demonspawn Abyssal Knight began the quest for the Orb.
     0 | Abyss:1  | Reached XP level 1. HP: 18/18 MP: 2/2
     3 | D:1      | Escaped the Abyss
   320 | D:1      | Gained mutation: You have a pair of small horns on your head. [demonic ancestry]
   320 | D:1      | Reached XP level 2. HP: 24/24 MP: 3/3
   668 | D:1      | Reached * piety under Lugonu
   738 | D:2      | Found a burning altar of Makhleb.
   738 | D:2      | Noticed a blizzard demon
   790 | D:2      | Found a hazy altar of Hepliaklqana.
   850 | D:2      | Reached skill level 1 in Dodging
   850 | D:2      | Reached XP level 3. HP: 15/30 MP: 5/5
   950 | D:2      | Noticed Robin
   979 | D:2      | Killed Robin
  1010 | D:2      | HP: 1/30 [kobold/dagger (4)]
  1011 | D:2      | Slain by a kobold

Skill      XL: |  1  2 |
---------------+-------+-----
Armour         | 2 |  2.2
Long Blades    | 2 |  2.1
Dodging        | 1 |  1.1
Fighting       | |  3.9
Invocations    | |  2.8

Action                   || total
-------------------------++-------
Melee: Falchion          ||    95
       Headbutt          ||     9
Invok: Depart the Abyss  ||     1
 Stab: Sleeping          ||     2
Armor: Leather armour    ||    24
Dodge: Dodged            ||    39
       Rpst.: Falchion   ||    10
